 Dungeon Crawl Stone Soup version 0.23-a0-356-g1757c6e (webtiles) character file.

6 Cryolive the Digger (level 1, -2/10 HPs)
             Began as a Gargoyle Earth Elementalist on Oct 21, 2018.
             Killed from afar by a dart slug (3 damage)
             ... with a slug dart
             ... on level 1 of the Dungeon.
             The game lasted 00:01:11 (188 turns).

Cryolive the Digger (Gargoyle Earth Elementalist)    Turns: 188, Time: 00:01:12

Health: -2/10      AC:  4    Str: 11    XL:     1   Next: 90%
Magic:  3/3        EV: 12    Int: 15    God:
Gold:   0          SH:  0    Dex: 10    Spells: 3/4 levels left

rFire    + . .     SeeInvis .   f - +0 club
rCold    + . .     Gourm    .   (no shield)
rNeg     + . .     Faith    .   c - +0 robe
rPois    ∞         Spirit   .   (no helmet)
rElec    +         Reflect  .   a - scarf {rC+ rF+}
rCorr    .         Harm     .   (no gloves)
MR       .....                  (no boots)
Stlth    ++........             (no amulet)
HPRegen  0.03/turn              (no ring)
MPRegen  0.08/turn              (no ring)

@: no status effects
A: negative energy resistance 1, electricity resistance, unbreathing,
petrification resistance, rot immunity, AC +2
a: no special abilities


You were on level 1 of the Dungeon.
You were not hungry.

You visited 1 branch of the dungeon, and saw 1 of its levels.

Inventory:

Hand Weapons
 f - a +0 club (weapon)
Missiles
 b - 48 stones (quivered)
Armour
 a - a scarf of resistance (worn)
 c - a +0 robe (worn)
Potions
 e - a potion of resistance {unknown}
Comestibles
 d - 3 rations


   Skills:
 - Level 1.5 Dodging
 - Level 2.1 Stealth
 + Level 2.2 Spellcasting
   Level 0.7 Transmutations
 + Level 3.9 Earth Magic


You had 3 spell levels left.
You knew the following spells:

 Your Spells              Type           Power        Failure   Level  Hunger
a - Sandblast             Erth           ##....       4%          1    #......

Your spell library contained the following spells:

 Spells                   Type           Power        Failure   Level  Hunger
 Passwall                 Tmut/Erth      #.......     13%         2    ###....
 Stone Arrow              Conj/Erth      #.....       28%         3    ###....
 Petrify                  Tmut/Erth      #.......     63%         4    #####..
 Lee's Rapid Deconstruct  Erth           ##........   75%         5    ######.


Dungeon Overview and Level Annotations

Branches:
Dungeon (1/15)

Altars:


Innate Abilities, Weirdness & Mutations

You are resistant to torment.
Your stone body is resilient. (AC +2)
You are immune to poison.
You resist negative energy. (rN+)
You are resistant to electric shocks. (rElec)
You can survive without breathing.
You are immune to petrification.
You are immune to rotting.


Message History

Tha bat hits ye but does nay damage.
Tha bat hits ye but does nay damage.
Tha bat hits ye but does nay damage.
Tha bat barely misses ye.
Tha bat hits ye.
Tha dart slug barely misses ye.
Tha bat closely misses ye.
Tha dart slug launches a dart at ye.
Tha slug dart hits ye!
Ouch! Tha re'lly hurt!
* * * LOW HITPOINT WARNIN'
* * * Ye hit tha dart slug.
Tha dart slug be heavily wounded.
Tha bat closely misses ye.
Tha dart slug barely misses ye.
Ye hit tha dart slug.
Tha dart slug be severely wounded.
Tha bat hits ye.
* * * LOW HITPOINT WARNIN'
* * * Tha dart slug launches a dart at ye.
Tha slug dart hits ye!
Ye die...

#.# #?# #.###.##
#[##...## #.##
#.#.....## #..#
#........# #..#
#........#
#..####......w.#
#...........b@.#
###.#####.##...#.#
##...#####.####.#.#
........)†(# #.#.#
##.######### #.#.#
#.# #...# #.# ###.#
##.## .# #...######


You could see a dart slug and a bat.

Vanquished Creatures
  3 goblins (D:1)
  A bat (D:1)
  2 rats (D:1)
6 creatures vanquished.

Notes
Turn   | Place    | Note
-------+----------+-------------------------------------------
     0 | D:1      | Cryolive the Gargoyle Earth Elementalist began the quest
                  | for the Orb.
     0 | D:1      | Reached XP level 1. HP: 10/10 MP: 3/3
   188 | D:1      | Killed from afar by a dart slug

Vault maps used:
D:1:      ebering_hopf_link, minmay_tetromino_i2

Action                   || total
-------------------------++-------
Melee: Unarmed           ||    18
       Club              ||     7
 Cast: Sandblast         ||     1
Armor: Robe              ||    12
Dodge: Dodged            ||    19

Table legend:
 A = Non-vault XP
 B = Vault XP
 C = Vault XP percentage of total XP
 D = Non-vault monster count
 E = Vault monster count
 F = Vault count percentage of total count
                 A         B        C        D         E       F
            +---------+---------+-------+---------+---------+-------
      Total |       9 |       0 |   0.0 |       6 |       0 |   0.0
            +---------+---------+-------+---------+---------+-------
        D:1 |       9 |       0 |   0.0 |       6 |       0 |   0.0
            +---------+---------+-------+---------+---------+-------
